 Dungeon Crawl Stone Soup version 0.28.0-53-g5a82cb258f (webtiles) character file.

Game seed: 134701714537500992

79 issech the Chopper (level 4, -1/40 HPs)
             Began as a Minotaur Monk on June 9, 2022.
             Slain by an orc priest
             ... wielding a +0 flail
              (3 damage)
             ... on level 2 of the Dungeon.
             The game lasted 00:04:36 (1843 turns).

issech the Chopper (Minotaur Monk)                  Turns: 1843, Time: 00:04:37

Health: -1/40      AC:  9    Str: 15    XL:     4   Next: 16%
Magic:  3/3        EV:  7    Int:  7    God:
Gold:   113        SH:  0    Dex: 15    Spells: 3/3 levels left

rFire   . . .      SeeInvis .   a - +0 hand axe
rCold   . . .      Faith    .   (no shield)
rNeg    . . .      Spirit   .   p - +0 chain mail
rPois   .          Reflect  .   (helmet restricted)
rElec   .          Harm     .   (no cloak)
rCorr   .          Rampage  .   (no gloves)
Will    +....                   n - +0 pair of boots
Stlth   ..........              (no amulet)
HPRegen 0.13/turn               k - ring of willpower
MPRegen 0.08/turn               (no ring)

@: no status effects
A: horns 2, retaliatory headbutt
a: no special abilities


You were on level 2 of the Dungeon.
You visited 1 branch of the dungeon, and saw 2 of its levels.

You collected 113 gold pieces.

Inventory:

Hand Weapons
 a - a +0 hand axe (weapon)
Missiles
 c - 76 stones (quivered)
 e - 16 arrows
 f - 19 bolts
Armour
 i - a +0 ring mail
 n - a +0 pair of boots (worn)
 p - a +0 chain mail (worn)
Jewellery
 k - a ring of willpower (left hand)
Scrolls
 d - a scroll of teleportation {unknown}
 g - a scroll of vulnerability {unknown}
 j - 2 scrolls of fear {unknown}
 o - a scroll of identify {unknown}
Potions
 h - a potion of haste {unknown}
 l - 2 potions of resistance {unknown}
 m - a potion of brilliance {unknown}


   Skills:
 + Level 4.2 Fighting
 + Level 4.7 Axes
 + Level 0.3 Armour
 + Level 3.9 Dodging
 + Level 2.1 Stealth


You had 3 spell levels left.
You didn't know any spells.
Your spell library contained the following spells:

 Spells                   Type           Power      Damage    Failure   Level
 Sandblast                Erth           0%         2d4       100%        1


Dungeon Overview and Level Annotations

Branches:
Dungeon (2/15)

Altars:


Innate Abilities, Weirdness & Mutations

You have a pair of horns on your head.
You reflexively headbutt those who attack you in melee.


Message History

You closely miss the orc.
The orc is almost dead.
The orc hits you but does no damage.
You hit the orc but do no damage. You headbutt the orc.
You kill the orc!
You barely miss the orc. You headbutt the orc.
You kill the orc!
You barely miss the orc. You headbutt the orc.
You kill the orc!
The orc priest looks encouraged for a moment.
The orc priest hits you but does no damage.
Items here: ))) [.
You hit the orc priest. You headbutt the orc priest.
The orc priest is moderately wounded.
The orc priest completely misses you.
Unknown command.
You hit the orc priest but do no damage.
Your headbutt misses the orc priest.
The orc priest is moderately wounded.
The orc priest mumbles some strange prayers to Beogh against you.
You resist with some effort.
You barely miss the orc priest. You headbutt the orc priest.
The orc priest is severely wounded.
The orc priest hits you with a +0 flail.
* * * LOW HITPOINT WARNING * * *
You hit the orc priest.
The orc priest is almost dead.
The orc priest hits you but does no damage.
You closely miss the orc priest.
The orc priest is almost dead.
The orc priest hits you with a +0 flail.
* * * LOW HITPOINT WARNING * * *
You completely miss the orc priest.
The orc priest is almost dead.
The orc priest barely misses you.
Unknown command.
You hit the orc priest but do no damage.
The orc priest is almost dead.
The orc priest hits you with a +0 flail.
You die...

.......####.#######....
.......................
................####...
................##<....
.......................
......#.....)รท..#.[#.#.
#..........#.#..#.
#.#........#.#.##.
#@#............# .
##o##########...# #$.#
#.### #)## ...
#........# .. #
#........# #...>=...#
#........# #........#


You could see an orc priest.

Vanquished Creatures
  Jessica (D:2)
  4 dart slugs
  4 orcs (D:2)
  4 endoplasms
  A giant cockroach (D:1)
  4 goblins
  A hobgoblin (D:2)
  2 jackals (D:2)
  4 kobolds
  3 quokkas (D:1)
  A ball python (D:2)
  4 bats
  2 frilled lizards (D:1)
  3 rats
38 creatures vanquished.

Vanquished Creatures (others)
  2 fungi (D:1)
2 creatures vanquished.

Grand Total: 40 creatures vanquished

Notes
Turn   | Place    | Note
-------+----------+-------------------------------------------
     0 | D:1      | issech the Minotaur Monk began the quest for the Orb.
     0 | D:1      | Reached XP level 1. HP: 19/19 MP: 0/0
   274 | D:1      | Reached XP level 2. HP: 27/27 MP: 1/1
   286 | D:1      | Found a faded altar of an unknown god.
   309 | D:1      | Got Plato's Reference Book on the Mountains
  1467 | D:2      | Reached XP level 3. HP: 33/33 MP: 2/2
  1608 | D:2      | Noticed Jessica
  1617 | D:2      | Killed Jessica
  1618 | D:2      | Reached XP level 4. HP: 17/40 MP: 3/3
  1841 | D:2      | HP: 2/40 [orc priest/+0 flail (5)]
  1843 | D:2      | Slain by an orc priest

Illustrated notes

Levels and vault maps discovered:
D:1:      wheals_arrival_linesprint, layout_basic,
          shapermc_ecumenical_altar_rom_forum
D:2:      layout_rooms, uniq_jessica

Skill      XL: |  1  2  3 |
---------------+----------+-----
Axes           | 4 |  4.7
Fighting       | 4 |  4.2
Stealth        | 2 |  2.1
Armour         | |  0.3
Dodging        | |  3.9

Action                   |  1- 3 |  4- 6 || total
-------------------------+-------+-------++-------
Melee: Hand axe          |    79 |    23 ||   102
       Headbutt          |    11 |     8 ||    19
 Stab: Sleeping          |     2 |       ||     2
Armor: Robe              |     5 |       ||     5
       Ring mail         |    18 |       ||    18
       Chain mail        |     6 |    13 ||    19
Dodge: Dodged            |    57 |     7 ||    64
